 Dungeon Crawl Stone Soup version 0.18-a0-750-g37044d6 (webtiles) character file.

277 JokEr the Slasher (level 6, -4/45 HPs)
             Began as a High Elf Fighter on Dec 12, 2015.
             Slain by an ogre
             ... wielding a +0 giant club
              (29 damage)
             ... on level 3 of the Dungeon.
             The game lasted 00:06:06 (2879 turns).

JokEr the Slasher (High Elf Fighter)                Turns: 2879, Time: 00:06:07

Health: -4/45      AC:  6    Str: 17    XL:     6   Next: 4%
Magic:  7/7        EV:  6    Int: 12    God:
Gold:   163        SH:  9    Dex: 15    Spells: 0 memorised, 5 levels left

rFire  . . .     SeeInvis .     a - +0 long sword
rCold  . . .     Clarity  .     b - +0 scale mail
rNeg   . . .     SustAt   .     c - +0 shield
rPois  .         Gourm    .     (no helmet)
rElec  .         Spirit   .     (no cloak)
rCorr  .         Dismiss  .     (no gloves)
rMut   .         Stasis   .     (no boots)
MR     .....                    (no amulet)
Stlth  ..........               (no ring)
                                (no ring)

@: not resistant to hostile enchantments, extremely unstealthy
A: no striking features
a: no special abilities


You were on level 3 of the Dungeon.
You were not hungry.

You visited 1 branch of the dungeon, and saw 3 of its levels.

You collected 163 gold pieces.

Inventory:

Hand Weapons
 a - a +0 long sword (weapon)
Armour
 b - a +0 scale mail (worn)
 c - a +0 shield (worn)
Jewellery
 o - an uncursed ring of ice {unknown}
Scrolls
 f - 4 scrolls of fear {unknown}
 h - a scroll of blinking {unknown}
 i - 3 scrolls of teleportation {unknown}
 l - a scroll of immolation {unknown}
 m - a scroll of enchant armour {unknown}
 p - a scroll of identify {unknown}
 q - a scroll of remove curse {unknown}
 r - a scroll of amnesia {unknown}
Potions
 d - 3 potions of might
Comestibles
 g - a meat ration
 j - 5 fruits


   Skills:
 + Level 5.1 Fighting
 + Level 5.9 Long Blades
 - Level 2.6 Armour
 - Level 2.6 Shields


You had 5 spell levels left.
You didn't know any spells.

Dungeon Overview and Level Annotations

Branches:
Dungeon (3/15)

Altars:
Gozag


Message History

You hit the quokka.
You kill the quokka!
Your scale mail prevents you from hitting the ogre.
The ogre hits you with a giant club.
You slash the ogre!
The ogre is heavily wounded.
The ogre barely misses you.
You hit the ogre.
The ogre is heavily wounded.
The ogre hits you with a giant club!
You completely miss the ogre.
The ogre is heavily wounded.
The ogre hits you with a giant club.
You hit the ogre.
The ogre is severely wounded.
You hit the ogre.
The ogre is severely wounded.
The ogre hits you with a giant club!!
Ouch! That really hurt!
You die...

#.....#...........
#.......>######.#.
### #...###.##
#.#. #..##...#
#.....###.#.
#...#...#
###.......#.
#....###
#.#.......
#####.†.# #..#.#.#
.......†#
#........#
#.##...@#
##########
#......O†...... #
#####.##....... #
#. ....... # #.
....... # #.
....... .....$.
.......


You could see an ogre.

Vanquished Creatures
  Sigmund (D:2)
  A worker ant (D:3)
  3 adders (D:2)
  An ooze (D:2)
  A worm (D:2)
  2 giant geckos (D:1)
  10 bats
  3 giant cockroaches
  5 hobgoblins
  9 kobolds
  3 quokkas (D:3)
  2 giant newts
  7 goblins
  7 rats
55 creatures vanquished.

Notes
Turn   | Place    | Note
--------------------------------------------------------------
     0 | D:1      | JokEr the High Elf Fighter began the quest for the Orb.
     0 | D:1      | Reached XP level 1. HP: 16/16 MP: 2/2
   274 | D:1      | Reached XP level 2. HP: 21/21 MP: 3/3
  1048 | D:2      | Reached XP level 3. HP: 21/26 MP: 4/4
  1357 | D:2      | Reached skill level 4 in Long Blades
  1540 | D:2      | Reached XP level 4. HP: 6/33 MP: 5/5
  2015 | D:2      | Noticed Sigmund
  2235 | D:2      | Killed Sigmund
  2235 | D:2      | Reached skill level 5 in Fighting
  2235 | D:2      | Reached skill level 5 in Long Blades
  2235 | D:2      | Reached XP level 5. HP: 4/39 MP: 6/6
  2708 | D:3      | Found an opulent altar of Gozag.
  2781 | D:3      | Reached XP level 6. HP: 39/45 MP: 7/7
  2879 | D:3      | Slain by an ogre

Vault maps used:
D:1:      dpeg_arrival_connections, kennysheep_flooded_box,
          minmay_misc_feat_encased
D:2:      uniq_sigmund
D:3:      bloody_makhleb, grunt_gozag_breadcrumbs, yredelemnul_altar_generic,
          first_bread, roderic_malta_cross, uniq_robin

Action                   |  1- 3 |  4- 6 || total
-------------------------+-------+-------++-------
Melee: Long sword        |   132 |    61 ||   193
  Use: Potion            |       |     3 ||     3
  Eat: Bread ration      |     1 |     1 ||     2
